 Dungeon Crawl Stone Soup version 0.30-a0-852-g08b95dd62f (webtiles) character file.

Game seed: 3087124106735936430

558869 dolemite99 the Marksgnoll (level 26, -5/203 HPs)
             Began as a Gnoll Hunter on Mar 4, 2023.
             Was an Elder of Ashenzari.
             Slain by a purple draconian
             ... wielding a +0 long sword
             ... led by a red draconian scorcher
              (17 damage)
             ... on level 2 of the Realm of Zot on Mar 6, 2023.
             The game lasted 04:42:02 (116279 turns).

dolemite99 the Marksgnoll (Gnoll Hunter)          Turns: 116279, Time: 04:42:02

Health: -5/203     AC: 27    Str: 11    XL:     26   Next: 57%
Magic:  15/48      EV: 21    Int: 13    God:    Ashenzari [****..]
Gold:   793        SH: 18    Dex: 26    Spells: 7/68 levels left

rFire   + + +      SeeInvis +    b - +3 double sword (vamp)
rCold   + + .      Faith    .    q - +0 kite shield "Eternal Disgust" {reflect, Evo, Range} (curse)
rNeg    + + +      Spirit   .    D - +5 fire dragon scales
rPois   +          Reflect  +    x - +2 helmet of the Profound Paranoia {Fort, Elem} (curse)
rElec   +          Rampage  .    B - scarf "Oracular Vision" {rC+ rF+, Range, Self} (curse)
rCorr   .          Clarity  +    T - +2 pair of gloves "Prison of Ashenzari" {Elem, Self} (curse)
Will    +....                    I - +1 pair of boots "Omniscient Omission" {Melee, Fort} (curse)
Stlth   ++++++                   n - amulet of the Shackled Seer {rPois rC+ rN+++ Regen+ Str-2, Self, Evo} (curse)
HPRegen 1.33/turn                m - ring of Ashenzari's Doubts {Dex+6, Melee, Elem} (curse)
MPRegen 0.31/turn                u - ring of Megalomania {+Blink rElec Str+5 Slay+4}

@: about to teleport
A: fangs 1, strong nose, distributed training, talons 1, cold resistance 1,
deformed body, deterioration 1, dopey 1, frail 1, weak 2
}: 3/15 runes: decaying, serpentine, silver
a: Renounce Religion, Evoke Blink, Shatter the Chains


You were on level 2 of the Realm of Zot.
You worshipped Ashenzari.
Ashenzari was greatly pleased with you.
You visited 12 branches of the dungeon, and saw 49 of its levels.
You visited the Abyss 1 time.
You visited 1 ziggurat, and saw 9 of its levels.
You also visited: Ossuary and Ice Cave.

You collected 7558 gold pieces.
You spent 6765 gold pieces at shops.

Inventory:

Hand Weapons
 a - a +5 hand crossbow of freezing
 b - a +3 vampiric double sword (weapon)
 Q - the +6 scimitar of the Warrior-Mage {heavy, rCorr Str-2 Int+2}
   (You took it off a deep elf high priest on level 3 of the Elven Halls)

   Str:       It affects your strength (-2).
   Int:       It affects your intelligence (+2).
   rCorr:     It protects you from acid and corrosion.
 S - the +5 morningstar of the Inferno {heavy, rF+++ rC+ rN+ Dex-5}
   (You took it off a vault guard on level 5 of the Vaults)

   Dex:       It affects your dexterity (-5).
   rF:        It renders you almost immune to fire.
   rC:        It protects you from cold.
   rN:        It protects you from negative energy.
 X - the +9 flail "Kiazaul" {flame, rN+ Will+ Dex+2}
   (You found it on level 1 of the Snake Pit)

   Dex:       It affects your dexterity (+2).
   rN:        It protects you from negative energy.
   Will:      It increases your willpower.
Missiles
 c - 8 throwing nets
 h - 25 javelins (quivered)
Armour
 q - the cursed +0 kite shield "Eternal Disgust" (worn) {reflect, Evo, Range}
   (You took it off Donald on level 3 of the Swamp)

   It has a curse which improves the following skills: Evocations: Evocations.
   Ranged Combat: Ranged Weapons and Throwing.
 x - the cursed +2 helmet of the Profound Paranoia (worn) {Fort, Elem}
   (You found it on level 2 of the Lair of Beasts)

   It has a curse which improves the following skills: Fortitude: Armour and
   Shields.
   Elements:  Fire Magic, Ice Magic, Air Magic and Earth Magic.
 B - the cursed scarf "Oracular Vision" (worn) {rC+ rF+, Range, Self}
   (You found it on level 3 of the Lair of Beasts)

   It has a curse which improves the following skills: Ranged Combat: Ranged
   Weapons and Throwing.
   Introspection: Fighting and Spellcasting.
 D - +5 fire dragon scales (worn)
 G - a +0 helmet of intelligence
 I - the cursed +1 pair of boots "Omniscient Omission" (worn) {Melee, Fort}
   (You found it on level 10 of the Dungeon)

   It has a curse which improves the following skills: Melee Combat: Short
   Blades, Long Blades, Axes, Maces & Flails, Polearms, Staves and Unarmed
   Combat.
   Fortitude: Armour and Shields.
 T - the cursed +2 pair of gloves "Prison of Ashenzari" (worn) {Elem, Self}
   (You found it on level 9 of the Dungeon)

   It has a curse which improves the following skills: Elements: Fire Magic, Ice
   Magic, Air Magic and Earth Magic.
   Introspection: Fighting and Spellcasting.
 U - the +8 pearl dragon scales of the Bulwark {rElec rC+ rN+}
   (You took it off a yaktaur captain on level 3 of the Depths)

   rC:        It protects you from cold.
   rElec:     It insulates you from electricity.
   rN:        It protects you from negative energy.
Magical Staves
 P - a staff of death
Jewellery
 g - the ring of the Tortoise {AC+8}
   (You took it off a deep elf pyromancer on level 3 of the Elven Halls)

   [ring of protection]

   AC:        It affects your AC (+8).
 m - the cursed ring of Ashenzari's Doubts (left hand) {Dex+6, Melee, Elem}
   (You found it on level 2 of the Dungeon)

   [ring of dexterity]

   Dex:       It affects your dexterity (+6).
   It has a curse which improves the following skills: Melee Combat: Short
   Blades, Long Blades, Axes, Maces & Flails, Polearms, Staves and Unarmed
   Combat.
   Elements:  Fire Magic, Ice Magic, Air Magic and Earth Magic.
 n - the cursed amulet of the Shackled Seer (around neck) {rPois rC+ rN+++ Regen+ Str-2, Self, Evo}
   (You took it off an ancient champion on level 3 of the Crypt)

   [amulet of regeneration]

   Str:       It affects your strength (-2).
   rC:        It protects you from cold.
   rPois:     It protects you from poison.
   rN:        It renders you almost immune to negative energy.
   Regen:     It increases your rate of health regeneration.
   It has a curse which improves the following skills: Introspection: Fighting
   and Spellcasting.
   Evocations: Evocations.
 o - the ring "Orchoinorgh" {*Slow rElec rPois rN++ Will+}
   (You found it on level 3 of a ziggurat)

   [ring of willpower]

   rElec:     It insulates you from electricity.
   rPois:     It protects you from poison.
   rN:        It greatly protects you from negative energy.
   *Slow:     It may slow you when you take damage.
   Will:      It increases your willpower.
 s - the ring of Xojuziux {Fly rC+++}
   (You bought it in a shop on level 2 of the Orcish Mines)

   [ring of flight]

   rC:        It renders you almost immune to cold.
   Fly:       It grants you flight.
 t - the ring of Pidycot {rPois Will+ AC+4 Str-2 Int+2 Slay+6}
   (You took it off an ironbound preserver on level 5 of the Vaults)

   [ring of protection]

   AC:        It affects your AC (+4).
   Str:       It affects your strength (-2).
   Int:       It affects your intelligence (+2).
   Slay:      It affects your accuracy & damage with ranged weapons and melee
   (+6).
   rPois:     It protects you from poison.
   Will:      It increases your willpower.
 u - the ring of Megalomania (right hand) {+Blink rElec Str+5 Slay+4}
   (You took it off a deep elf annihilator on level 3 of the Elven Halls)

   [ring of slaying]

   Str:       It affects your strength (+5).
   Slay:      It affects your accuracy & damage with ranged weapons and melee
   (+4).
   rElec:     It insulates you from electricity.
   +Blink:    It lets you blink.
 y - the ring of Luxzab {rElec rF+ Will+ rCorr Dex+4}
   (You found it on level 5 of the Vaults)

   [ring of resist corrosion]

   Dex:       It affects your dexterity (+4).
   rF:        It protects you from fire.
   rElec:     It insulates you from electricity.
   rCorr:     It protects you from acid and corrosion.
   Will:      It increases your willpower.
 z - a ring of willpower
 L - a ring of resist corrosion
 N - a ring of protection from cold
Wands
 w - a wand of digging (4)
 V - a wand of paralysis (31)
 W - a wand of mindburst (18)
Scrolls
 d - 7 scrolls of vulnerability
 e - a scroll of fear
 j - 4 scrolls of teleportation
 r - 8 scrolls of poison
 A - 2 scrolls of silence
 C - 2 scrolls of enchant armour
 J - 5 scrolls of magic mapping
 K - 13 scrolls of fog
Potions
 f - a potion of might
 i - a potion of invisibility
 k - 2 potions of curing
 l - 9 potions of berserk rage
 v - a potion of flight
 H - 6 potions of mutation
 R - 9 potions of brilliance
Miscellaneous
 p - a phial of floods
 E - a tin of tremorstones (2/2)
 F - a phantom mirror
 M - a box of beasts
 Z - a lightning rod (4/4)


   Skills:
 + Level 18.8(22.4) Fighting
 + Level 18.3(21.0) Short Blades
 + Level 18.3(21.0) Long Blades
 + Level 18.3(21.0) Axes
 + Level 18.3(21.0) Maces & Flails
 + Level 18.3(21.0) Polearms
 + Level 18.3(21.0) Staves
 + Level 19.9(22.5) Ranged Weapons
 + Level 18.3(21.0) Throwing
 + Level 18.3(21.0) Armour
 + Level 18.8 Dodging
 + Level 18.4 Stealth
 + Level 18.3(21.0) Shields
 + Level 18.3(21.0) Unarmed Combat
 + Level 18.3(21.9) Spellcasting
 + Level 15.6 Conjurations
 + Level 15.6 Hexes
 + Level 15.6 Summonings
 + Level 15.6 Necromancy
 + Level 15.6 Translocations
 + Level 15.6 Transmutations
 + Level 15.6(19.4) Fire Magic
 + Level 15.6(19.4) Ice Magic
 + Level 15.6(19.4) Air Magic
 + Level 15.6(19.4) Earth Magic
 + Level 15.6 Poison Magic
 + Level 19.8 Invocations
 + Level 18.3(21.0) Evocations


You had 7 spell levels left.
You knew the following spells:

 Your Spells              Type           Power      Damage    Failure   Level
a - Simulacrum            Ice/Necr       28%        N/A       1%          6
b - Summon Mana Viper     Hex/Summ       53%        N/A       1%          5
c - Summon Forest         Summ/Tloc      26%        N/A       1%          5
d - Summon Guardian Gole  Hex/Summ       53%        N/A       1%          3
e - Lee's Rapid Deconstr  Erth           29%        3d15*     1%          5
f - Blink                 Tloc           100%       N/A       1%          2
g - Apportation           Tloc           100%       N/A       1%          1
h - Summon Cactus Giant   Summ           26%        N/A       3%          6
i - Silence               Hex/Air        28%        N/A       1%          5
j - Sublimation of Blood  Necr           53%        N/A       1%          2
k - Statue Form           Tmut/Erth      37%        N/A       1%          6
l - Ozocubu's Armour      Ice            59%        N/A       0%          3
m - Malign Gateway        Summ/Tloc      26%        N/A       21%         7
n - Borgnjor's Vile Clut  Necr/Erth      28%        N/A       1%          5

Your spell library contained the following spells:

 Spells                   Type           Power      Damage    Failure   Level
 Ensorcelled Hibernation  Hex/Ice        100%       N/A       0%          2
 Poisonous Vapours        Pois/Air       100%       N/A       0%          2
 Kiss of Death            Conj/Necr      100%       2d13      1%          1
 Necrotise                Necr           100%       1d9       1%          1
 Sting                    Tmut/Pois      100%       1d8       1%          1
 Summon Small Mammal      Summ           100%       N/A       1%          1
 Call Imp                 Summ           53%        N/A       1%          2
 Lesser Beckoning         Tloc           100%       N/A       1%          2
 Momentum Strike          Conj/Tloc      100%       3d10      1%          2
 Wereblood                Tmut           53%        N/A       1%          2
 Call Canine Familiar     Summ           53%        N/A       1%          3
 Confusing Touch          Hex            53%        N/A       1%          3
 Dazzling Flash           Conj/Hex       100%       N/A       1%          3
 Gell's Gravitas          Tloc           53%        N/A       1%          3
 Hailstorm                Conj/Ice       56%        3d12      1%          3
 Inner Flame              Hex/Fire       56%        N/A       1%          3
 Portal Projectile        Hex/Tloc       100%       N/A       1%          3
 Spider Form              Tmut/Pois      53%        N/A       1%          3
 Stone Arrow              Conj/Erth      100%       3d13      1%          3
 Teleport Other           Tloc           53%        N/A       1%          3
 Anguish                  Hex/Necr       26%        N/A       1%          4
 Animate Armour           Summ/Erth      100%       N/A       1%          4
 Cause Fear               Hex            26%        N/A       1%          4
 Dispel Undead            Necr           53%        3d19      1%          4
 Flame Wave               Conj/Fire      56%        2d13      1%          4
 Ice Form                 Ice/Tmut       56%        N/A       1%          4
 Leda's Liquefaction      Hex/Erth       28%        N/A       1%          4
 Manifold Assault         Tloc           53%        N/A       1%          4
 Petrify                  Tmut/Erth      56%        N/A       1%          4
 Sticky Flame             Conj/Fire      56%        2d7       1%          4
 Agony                    Necr           53%        N/A       1%          5
 Alistair's Intoxication  Tmut/Pois      35%        N/A       1%          5
 Fireball                 Conj/Fire      28%        3d12      1%          5
 Iskenderun's Battlesphe  Conj           53%        2d10      1%          5
 Metabolic Englaciation   Hex/Ice        28%        N/A       1%          5
 Conjure Ball Lightning   Conj/Air       28%        3x3d8     1%          6
 Iron Shot                Conj/Erth      28%        9d6       1%          6
 Dispersal                Tloc           26%        N/A       3%          6
 Eringya's Noxious Bog    Tmut/Pois      26%        N/A       3%          6
 Ozocubu's Refrigeration  Ice            29%        4d14      4%          7
 Storm Form               Tmut/Air       28%        N/A       9%          7
 Spellforged Servitor     Conj/Summ      26%        N/A       21%         7
 Summon Hydra             Summ           26%        N/A       21%         7
 Lehudib's Crystal Spear  Conj/Erth      28%        10d7      56%         8
 Discord                  Hex            26%        N/A       83%         8
 Disjunction              Tloc           26%        N/A       83%         8
 Summon Horrible Things   Summ           26%        N/A       83%         8


Dungeon Overview and Level Annotations

Branches:
Dungeon (15/15)            Temple (1/1) D:4            Lair (5/5) D:11
  Swamp (4/4) Lair:2        Snake (4/4) Lair:2        Slime (0/5) Lair:5
    Orc (2/2) D:12            Elf (3/3) Orc:2        Vaults (5/5) D:14
  Crypt (3/3) Vaults:3       Tomb (0/3) Crypt:3      Depths (4/4) D:15 Zot: 795
   Hell (visited)             Dis (0/7) Hell            Coc (0/7) Hell
    Tar (0/7) Hell            Zot (2/5) Depths:4    Ossuary (visited)
  IceCv (visited)
    Geh: Hell:1

Altars:
Ashenzari
Cheibriados
Dithmenos
Elyvilon
Fedhas
Gozag
Hepliaklqana
Kikubaaqudgha
Makhleb
Nemelex Xobeh
Okawaru
Qazlal
Ru
Sif Muna
Trog
Uskayaw
Vehumet
Wu Jian
Xom
Yredelemnul
Zin
The Shining One

Shops:
D:2 (   D:15 (=(*(   Orc:2 !=([   Elf:2 [   Elf:3 (   Snake:4 !   Vaults:3 !
Vaults:4 *[*(   Depths:3 :   Depths:4 (

Portals:
Hell: Depths:1 Depths:2 Depths:3 Depths:4
Abyss: Crypt:3 Depths:2 Depths:3 Depths:4
Pandemonium: Depths:2 Depths:3
Trove: D:11 (give 2 scrolls of acquirement)

Annotations:
D:2 1 runed translucent door, Crazy Yiuf
Lair:4 exclusion: downstairs
Swamp:3 1 runed translucent door, Zuvatino's ghost, adept MiFi
Snake:2 exclusion: downstairs
Vaults:2 exclusion: downstairs
Vaults:3 exclusion: downstairs
Crypt:1 3 runed translucent doors, Grunn; Hegoitz's ghost, veteran MiGl; Omoexics's ghost, veteran DsGl; Onexaaje's ghost, adept GrFi; Weuw's ghost, adept GrFi; Zievuyg's ghost, adept MiFi
Crypt:3 2 transporters, Katt's ghost, adept MiFi
Depths:3 exclusion: downstairs
Hell Geryon
Zot:1 1 transporter, 36 runed doors, exclusion: door, Tiamat
Zot:2 exclusion: upstairs


Innate Abilities, Weirdness & Mutations

You have very sharp teeth.
Your uncanny sense of smell can sniff out nearby items.
Your experience applies equally to all skills.
You have sharp toenails.
Your flesh is cold resistant. (rC+)
Armour fits poorly on your strangely shaped body.
Your body sometimes deteriorates upon taking damage.
You are dopey. (Int -2)
You are frail. (-10% HP)
You are very weak. (Str -4)


Message History

As you read the scroll of teleportation, it crumbles to dust.
You feel strangely unstable.
You feel the Orb delaying your translocation!
The purple draconian hits you with a +0 long sword!
* * * LOW HITPOINT WARNING * * *
You block the green draconian's attack.
The green draconian tail-slaps you but does no damage.
The storm dragon misses you. You block the storm dragon's attack.
The storm dragon tramples you but does no damage.
The purple draconian hits you with a +0 long sword!!
* * * LOW HITPOINT WARNING * * *
The wandering mushroom releases spores at you.
* * * LOW HITPOINT WARNING * * *
You are engulfed in a cloud of dizzying spores!
The wandering mushroom releases spores at you but does no damage.
The deathcap closely misses you. You block the green draconian's attack.
The green draconian tail-slaps you but does no damage.
You block the storm dragon's attack. The storm dragon closely misses you.
The storm dragon misses you.
You feel better.
You block the purple draconian's attack.
The storm dragon closely misses you. The storm dragon claws you!
* * * LOW HITPOINT WARNING * * *
The storm dragon completely misses you. The green draconian misses you.
The green draconian barely misses you. The wandering mushroom misses you.
You block the deathcap's attack.
The wandering mushroom closely misses you.
You feel better. You block the storm dragon's attack. x2
The storm dragon tramples you!
* * * LOW HITPOINT WARNING * * *
You hold your ground!
The purple draconian hits you with a +0 long sword.
* * * LOW HITPOINT WARNING * * *
You block the green draconian's attack. The green draconian closely misses you.
The storm dragon bites you!
* * * LOW HITPOINT WARNING * * *
You block the storm dragon's attack.
The storm dragon tramples you but does no damage.
The purple draconian hits you with a +0 long sword!
You die...

##).{##{.{♣* #..# * ,*
..q∩.##│..♣ #..# *#. , , *
...○d.#│..####..######.#,,,
* )...○z..*.............. ,
,, ........{..♣☼.).......
,, , ,
#####.♣.{{##♣#°y....#* , ,
##d#♣..♣# #fz##.#* *
##d###...# #○d#f#** *,, *
#♣q## #..{# #f*@f#* , #.##
#...#


#fdDf# {,,, ,,* )#♣ ♣...# #fyyf#* ,,, , , ## #...# #..### * , # #...# #..# * ,*
#...# #..# * #...# #..# , , , , #####...# #..# *, , , , #...#...# * * ,,,, <, ,
You could see an orb of fire, a storm dragon (berserk), a green draconian
(berserk), a purple draconian (berserk), a curse toe, 2 deathcaps, 3 moths of
wrath and 6 wandering mushrooms.

Vanquished Creatures
  An ancient lich (Depths:3)
  Sojobo (Depths:1)
  A shard shrike (Zig:6)
  3 caustic shrikes (Depths:4)
  A curse toe (Crypt:3)
  2 golden dragons
  Jory (Crypt:1)
  A bone dragon (Swamp:4)
  A hellephant (Depths:3)
  A walking earthen tome (Depths:2)
  4 tentacled monstrosities
  An Ice Fiend (Zig:6)
  2 titans (Vaults:5)
  3 liches
  A walking frostbound tome (Depths:2)
  3 quicksilver dragons
  A death cob (Zot:1)
  3 deep elf master archers (Elf:3)
  9 ancient champions
  A sphinx (Vaults:5)
  A tengu reaver (Depths:1)
  A storm dragon (Vaults:5)
  3 draconian monks
  Kirke (D:14)
  A thorn hunter (Swamp:2)
  4 revenants
  Roxanne (Snake:2)
  3 shadow dragons
  Agnes (D:15)
  5 nagarajas
  Donald (Swamp:3)
  A quicksilver elemental (Zig:4)
  Louise (Snake:4)
  A balrug (Depths:3)
  4 frost giants
  8 vault wardens
  5 fire giants
  A deep elf elementalist (Elf:3)
  2 juggernaut zombies
  A draconian stormcaller (Depths:4)
  A curse skull (Crypt:2)
  2 orc warlords
  6 ghouls
  5 very ugly things
  12 ironbound preservers
  3 war gargoyles
  2 draconian annihilators
  2 green draconians (Zot:2)
  6 reapers
  2 ironbound thunderhulks
  8 stone giants
  4 deep elf demonologists
  2 black draconians (Zot:1)
  An eleionoma (Swamp:3)
  3 vampire knights
  A demonspawn black sun (Zig:2)
  4 white draconians
  A lorocyproca (Depths:2)
  3 yellow draconians
  A bunyip (Swamp:4)
  6 deep elf annihilators (Elf:3)
  2 purple draconians
  3 spark wasps
  3 red draconians
  3 dire elephants
  4 eidola
  An iron golem (Zig:4)
  4 deep elf death magi
  7 ettins
  4 deep elf high priests (Elf:3)
  5 blizzard demons
  4 jiangshi
  6 great orbs of eyes
  7 fire dragons
  8 yaktaur captains
  A quicksilver dragon skeleton (Crypt:1)
  11 hydras
  Fannar (D:11)
  2 ice dragons
  A fenstrider witch zombie (Crypt:1)
  23 vault guards
  2 ghost crabs
  A peacekeeper (Vaults:1)
  4 salamander tyrants
  A spriggan air mage (Swamp:4)
  15 centaur warriors
  3 death knights
  8 anacondas
  4 ogre magi (Orc:2)
  3 boulder beetles
  5 ironbound frosthearts
  7 death yaks
  15 dancing weapons
  4 alligators
  10 naga warriors
  5 two-headed ogres
  4 vampire magi
  8 hell hogs (Depths:3)
  5 tengu warriors
  7 naga sharpshooters
  A titan zombie (Hell)
  2 spriggan berserkers (Depths:2)
  5 shock serpents
  15 hell knights
  A quicksilver ooze zombie (Crypt:1)
  Sonja (Orc:2)
  3 orc high priests
  A shock serpent (shapeshifter) (Vaults:5)
  12 deep elf knights
  6 soul eaters
  The ghost of bmack86 the Cleaver, a novice MiFi of Okawaru (D:7)
  12 skeletal warriors
  A titan skeleton (Crypt:1)
  A storm dragon zombie (Hell)
  4 salamander mystics
  4 shadow wraiths
  13 sun demons
  Amaemon (Lair:1)
  2 bunyip zombies (Hell)
  4 goliath frogs
  An orange crystal statue (Vaults:3)
  2 spriggan riders
  3 large abominations (Depths:3)
  19 deep trolls
  11 phantasmal warriors
  8 deep elf archers
  3 spriggan simulacra (IceCv)
  2 flayed ghosts
  An obsidian statue (IceCv)
  6 ironbound convokers
  12 deep elf zephyrmancers
  6 naga ritualists
  7 bog bodies
  A lindwurm (Lair:3)
  8 wizards
  13 orc knights
  3 spectral hydras (Swamp:4)
  A golden dragon skeleton (Crypt:3)
  Pikel (D:6)
  A bunyip skeleton (Crypt:3)
  2 necromancers
  An eleionoma zombie (Crypt:2)
  8 mana vipers
  8 orc sorcerers
  17 ugly things
  16 deep elf pyromancers
  4 will-o-the-wisps
  A human zombie (Crypt:1)
  4 cyclopes
  A shining eye (Depths:2)
  3 manticores (D:14)
  4 moths of wrath
  8 salamanders
  4 nameless horrors
  7 elephants
  10 centaur zombies
  2 guardian serpents (Snake:3)
  33 black mambas
  A water nymph (shapeshifter) (Vaults:5)
  An eye of devastation (Depths:2)
  8 vault sentinels
  A gargoyle (D:10)
  4 rust devils
  An orange demon (Lair:1)
  13 naga magi
  9 cane toads
  A shock serpent skeleton (Crypt:3)
  A torpor snail (shapeshifter) (Vaults:5)
  A torpor snail (Lair:4)
  3 unseen horrors (Depths:3)
  2 swamp worm zombies (Swamp:4)
  A death yak zombie (Crypt:1)
  An elf skeleton (Vaults:3)
  A demonic crawler (Depths:3)
  13 yaktaurs
  4 rime drakes
  9 freezing wraiths
  A hellion (Hell)
  6 ice devils
  5 komodo dragons
  2 human skeletons (Vaults:3)
  A sea snake skeleton (Crypt:1)
  A tengu conjurer (Depths:1)
  A yaktaur skeleton (Vaults:3)
  2 hydra zombies (Swamp:4)
  4 guardian mummies (Crypt:3)
  A red devil (Depths:3)
  2 bloated husks (Swamp:4)
  A polar bear (Lair:4)
  2 tyrant leeches (Swamp:1)
  8 hornets
  2 spectral swamp dragons (Swamp:4)
  A tarantella (shapeshifter) (Vaults:5)
  6 dream sheep
  A wolf spider simulacrum (D:15)
  3 trolls
  3 alligator zombies (Swamp:4)
  12 blink frogs
  6 small abominations (Depths:3)
  2 air elementals
  An ettin zombie (Hell)
  16 slime creatures
  2 ettin skeletons
  3 flying skulls (Crypt:2)
  5 spriggans
  A black mamba zombie (Crypt:1)
  2 vampires
  A dire elephant simulacrum (IceCv)
  2 water elementals
  6 wraiths
  4 wyverns
  35 yaks
  A fire elemental (Elf:2)
  3 basilisks
  2 chaos spawn
  3 hogs (D:14)
  23 vampire mosquitoes
  A steam dragon (D:6)
  2 minotaur simulacra (IceCv)
  A neqoxec (Depths:3)
  Menkaure (D:4)
  51 nagas
  2 harpy simulacra (IceCv)
  11 swamp worms
  A warg (Orc:1)
  2 deep troll zombies
  2 glowing shapeshifter zombies (Hell)
  An acid dragon (shapeshifter) (D:13)
  A naga zombie (Crypt:3)
  A hydra simulacrum (IceCv)
  A hell hound (Depths:2)
  A glowing shapeshifter skeleton (Vaults:3)
  11 water moccasins
  An ice beast (D:5)
  2 swamp drakes (Swamp:1)
  31 orc warriors
  5 black bears
  9 ogres
  5 swamp dragon zombies (Swamp:4)
  An alligator simulacrum (IceCv)
  2 boggarts (Vaults:3)
  A swamp dragon skeleton (Crypt:3)
  18 centaurs
  3 wolves
  4 lemures (D:6)
  8 phantoms
  2 kobold brigands
  12 bullfrogs
  2 gnoll sergeants (D:7)
  An earth elemental (Elf:3)
  3 scorpions
  A komodo dragon skeleton (Crypt:2)
  A naga simulacrum (Crypt:1)
  3 deep troll simulacra (IceCv)
  23 wights
  4 spriggan zombies
  A lindwurm simulacrum (IceCv)
  11 killer bees
  3 howler monkeys (D:7)
  8 electric eels
  4 lava snakes (Lair:2)
  20 orc priests
  3 centaur skeletons
  2 hounds
  A boggart zombie (D:11)
  A gnoll bouda (D:5)
  3 sleepcaps
  6 iguanas
  36 orc wizards
  2 spectral swamp drakes (Swamp:4)
  7 hell rats (Lair:1)
  A tengu skeleton (Crypt:3)
  20 mummies
  3 howler monkey zombies
  12 gnolls
  5 adders
  A swamp drake zombie (Swamp:4)
  A shadow imp (D:6)
  2 white imps
  An iguana zombie (Crypt:2)
  An adder zombie (Crypt:1)
  A worm (D:2)
  2 dart slugs
  67 orcs
  6 ball pythons
  3 endoplasms
  A giant cockroach (D:2)
  10 goblins
  6 hobgoblins
  4 jackals (D:5)
  18 kobolds
  4 quokkas
  5 bats
  3 frilled lizards
  3 gnoll skeletons (Ossuary)
  2 goblin skeletons (Ossuary)
  A hobgoblin zombie (D:8)
  3 kobold skeletons (Ossuary)
  A kobold zombie (D:8)
  An orc skeleton (Crypt:2)
  5 rats
  11 rat skeletons (Ossuary)
  A briar patch (Swamp:2)
  A creeping inferno (Hell)
  2 fire vortices (Hell)
1511 creatures vanquished.

Vanquished Creatures (collateral kills)
  An orb of fire (Zot:1)
  A juggernaut (Depths:1)
  A caustic shrike (Depths:4)
  2 golden dragons (Vaults:5)
  A bone dragon (Depths:4)
  An iron giant (Zig:5)
  2 tentacled monstrosities
  Zenata (Elf:3)
  A lich (Crypt:3)
  4 deep elf blademasters
  A deep elf master archer (Elf:3)
  A quicksilver dragon (Zot:2)
  An eldritch tentacle (Zig:5)
  A sphinx (Depths:2)
  A titan (Zig:5)
  A death cob (Zot:2)
  A thorn hunter (Swamp:3)
  4 storm dragons
  3 tengu reavers
  2 draconian monks (Zot:2)
  A nagaraja (Zig:7)
  A draconian knight (Zot:1)
  A nargun (Zig:6)
  10 vault wardens
  3 deep elf sorcerers
  A fire giant (Depths:2)
  A frost giant (Vaults:4)
  A quicksilver elemental (Zig:4)
  An iron dragon (Depths:2)
  3 draconian scorchers
  A balrug (Depths:1)
  4 orc warlords
  2 draconian annihilators
  2 draconian shifters
  A spriggan defender (Depths:2)
  A draconian stormcaller (Zot:1)
  9 ironbound preservers
  11 very ugly things
  A vampire knight (Depths:4)
  3 war gargoyles
  2 green draconians
  5 stone giants
  A deep elf demonologist (Elf:1)
  2 ironbound thunderhulks
  4 dire elephants
  2 wendigos (Zig:6)
  2 black draconians
  2 deep elf annihilators (Elf:3)
  4 purple draconians
  3 red draconians
  5 spark wasps
  4 deep elf death magi
  8 white draconians
  7 yellow draconians
  4 crystal guardians
  7 ettins
  6 yaktaur captains
  4 deep elf high priests
  2 rakshasas (Depths:1)
  2 great orbs of eyes
  A ragged hierophant (Vaults:3)
  A jiangshi (Crypt:2)
  6 fire dragons
  A caustic shrike simulacrum (IceCv)
  4 ironbound frosthearts
  3 hydras
  A salamander tyrant (Snake:4)
  16 vault guards
  3 peacekeepers
  A ghost crab (Swamp:4)
  An ice dragon (Depths:1)
  3 spriggan air magi
  A boulder beetle (D:14)
  3 anacondas
  3 alligators
  A deep troll shaman (Depths:4)
  A death knight (Crypt:1)
  2 naga warriors
  9 dancing weapons (Elf:2)
  8 centaur warriors
  2 tengu warriors
  3 vampire magi
  An orc high priest (Elf:3)
  5 spriggan berserkers
  A naga sharpshooter (Zig:7)
  3 shock serpents
  A shock serpent (shapeshifter) (Depths:4)
  10 deep elf knights
  A titan skeleton (Vaults:3)
  12 hell knights
  A salamander mystic (Snake:4)
  2 soul eaters
  A goliath frog (Swamp:2)
  5 sun demons
  9 skeletal warriors
  A storm dragon skeleton (Hell)
  29 deep trolls
  A glowing orange brain (shapeshifter) (Vaults:5)
  2 bog bodies
  3 spriggan simulacra
  A swamp dragon (shapeshifter) (Vaults:5)
  10 deep elf archers
  2 mana vipers (Snake:4)
  3 naga ritualists
  11 ironbound convokers
  5 orc knights
  3 wizards
  3 phantasmal warriors
  A shadow dragon zombie (Hell)
  16 deep elf zephyrmancers
  7 necromancers
  35 ugly things
  14 deep elf pyromancers
  A salamander (Snake:3)
  3 shining eyes (Depths:2)
  A moth of wrath (Zot:1)
  5 nameless horrors
  4 naga magi
  8 vault sentinels
  10 black mambas
  20 yaktaurs
  2 hellions (Depths:2)
  4 ice devils (IceCv)
  A komodo dragon (Lair:4)
  A freezing wraith (Vaults:5)
  A guardian mummy (Crypt:3)
  2 yaktaur skeletons (Vaults:3)
  A wind drake (shapeshifter) (Vaults:5)
  A blink frog (shapeshifter) (Vaults:5)
  A tyrant leech (Swamp:1)
  A hornet (Swamp:3)
  2 saltlings (Vaults:3)
  A spriggan zombie (Hell)
  2 ettin zombies
  6 slime creatures
  A frost giant simulacrum (Vaults:2)
  An air elemental (Elf:2)
  An ettin skeleton (Vaults:3)
  A flying skull (Crypt:2)
  A dire elephant simulacrum (IceCv)
  2 water elementals
  A vampire (Crypt:3)
  A spriggan (Swamp:3)
  An elf zombie (Vaults:2)
  A naga simulacrum (Hell)
  A chaos spawn (Depths:3)
  A fire elemental (Elf:1)
  2 vampire mosquitoes
  A warg (Vaults:4)
  3 minotaur simulacra (IceCv)
  4 swamp worms
  10 nagas
  6 orc warriors
  3 swamp drakes
  An ogre (Vaults:4)
  2 boggarts (Vaults:3)
  5 deep troll simulacra (IceCv)
  A human skeleton (Vaults:2)
  2 small abominations (Depths:3)
  An earth elemental (Elf:1)
  A lindwurm simulacrum (IceCv)
  An electric eel (Elf:3)
  3 orc priests (Elf:3)
  A mummy (Crypt:3)
576 creatures vanquished.

Vanquished Creatures (others)
  Bai Suzhen (Vaults:2)
  Rupert (Snake:1)
  Asterion (Vaults:3)
  13 eldritch tentacles
  2 tengu reavers
  A draconian knight (Depths:4)
  4 vault wardens
  A draconian shifter (Zot:2)
  2 ironbound preservers (Vaults:4)
  A deep elf elementalist (Elf:3)
  A reaper (Hell)
  2 stone giants
  A deep elf demonologist (Elf:3)
  2 deep elf annihilators
  An eleionoma (Swamp:2)
  2 spark wasps
  A purple draconian (Zot:2)
  3 dire elephants
  3 ettins
  2 deep elf high priests
  2 vault guards (Vaults:5)
  A centaur warrior (Vaults:1)
  An ironbound frostheart (Vaults:1)
  A deep troll shaman (Depths:4)
  A vampire mage (Crypt:3)
  A deep troll earth mage (Depths:4)
  A dancing weapon (Elf:2)
  2 naga sharpshooters (Snake:2)
  A spriggan berserker (Elf:2)
  3 deep elf knights
  An iron troll (Depths:4)
  2 skeletal warriors
  A spark wasp zombie (Hell)
  A deep troll (Vaults:3)
  A naga ritualist (Snake:2)
  An ironbound convoker (Vaults:5)
  A deep elf archer (Elf:3)
  A wizard (Vaults:3)
  An orc knight (Vaults:1)
  A phantasmal warrior (Zig:9)
  2 spriggan simulacra (IceCv)
  A deep elf pyromancer (Elf:3)
  A mana viper (Snake:2)
  A deep elf zephyrmancer (Elf:2)
  2 necromancers
  A fire giant zombie (Hell)
  A salamander (Depths:2)
  A moth of wrath (Zot:2)
  A naga mage (Snake:2)
  A vault sentinel (Vaults:1)
  A black mamba (Snake:2)
  2 ice devils (IceCv)
  An anaconda simulacrum (IceCv)
  3 bloated husks
  3 spriggan zombies (Hell)
  An air elemental (Elf:1)
  3 slime creatures
  A wraith (D:13)
  A minotaur simulacrum (IceCv)
  2 nagas (Snake:2)
  A hydra simulacrum (IceCv)
  A lindwurm skeleton (Crypt:2)
  2 deep troll simulacra (IceCv)
  An orc wizard (D:7)
  An orc (D:7)
  2 briar patches (Swamp:2)
  A bush (Lair:4)
  2 creeping infernos (Hell)
  2 fire vortices (Hell)
  22 foxfires
  12 fungi
  32 plants
  52 snaplasher vines
231 creatures vanquished.

Grand Total: 2318 creatures vanquished

Notes
Turn   | Place    | Note
-------+----------+-------------------------------------------
     0 | D:1      | dolemite99 the Gnoll Hunter began the quest for the Orb.
     0 | D:1      | Reached XP level 1. HP: 20/20 MP: 1/1
    78 | D:1      | Reached XP level 2. HP: 23/26 MP: 2/2
  1000 | D:2      | Found Cideif's Weapon Boutique.
  1000 | D:2      | Identified the +2 ring mail of Valour {Fly rElec}
  1016 | D:2      | Reached XP level 3. HP: 27/31 MP: 2/4
  1239 | D:2      | Reached skill level 1 in Invocations
  1251 | D:2      | Identified the +0 plate armour of Spite {Harm rC+}
  1675 | D:2      | Reached skill level 1 in Short Blades
  1675 | D:2      | Reached skill level 1 in Long Blades
  1675 | D:2      | Reached skill level 1 in Axes
  1675 | D:2      | Reached skill level 1 in Maces & Flails
  1675 | D:2      | Reached skill level 1 in Polearms
  1675 | D:2      | Reached skill level 1 in Staves
  1675 | D:2      | Reached skill level 1 in Throwing
  1675 | D:2      | Reached skill level 1 in Armour
  1675 | D:2      | Reached skill level 1 in Shields
  1675 | D:2      | Reached skill level 1 in Unarmed Combat
  1675 | D:2      | Reached skill level 1 in Spellcasting
  1675 | D:2      | Reached skill level 1 in Evocations
  1699 | D:2      | Reached XP level 4. HP: 25/38 MP: 5/5
  2001 | D:2      | Found a runed translucent door.
  2002 | D:2      | Noticed Crazy Yiuf
  2400 | D:3      | Reached skill level 1 in Conjurations
  2400 | D:3      | Reached skill level 1 in Hexes
  2400 | D:3      | Reached skill level 1 in Summonings
  2400 | D:3      | Reached skill level 1 in Necromancy
  2400 | D:3      | Reached skill level 1 in Translocations
  2400 | D:3      | Reached skill level 1 in Transmutations
  2400 | D:3      | Reached skill level 1 in Fire Magic
  2400 | D:3      | Reached skill level 1 in Ice Magic
  2400 | D:3      | Reached skill level 1 in Air Magic
  2400 | D:3      | Reached skill level 1 in Earth Magic
  2400 | D:3      | Reached skill level 1 in Poison Magic
  2407 | D:3      | Reached XP level 5. HP: 29/43 MP: 3/7
  2570 | D:3      | Found a burning altar of Makhleb.
  2647 | D:3      | Found a glowing golden altar of the Shining One.
  2885 | D:3      | Found a bloodstained altar of Trog.
  2951 | D:3      | Found a white marble altar of Elyvilon.
  3011 | D:3      | Became a worshipper of the Shining One
  3323 | D:4      | Found a shimmering altar of Xom.
  3338 | D:4      | Noticed an ogre
  3342 | D:4      | Killed an ogre
  3343 | D:4      | Reached XP level 6. HP: 50/50 MP: 8/8
  3343 | D:4      | Noticed Menkaure
  3352 | D:4      | Reached skill level 5 in Fighting
  3352 | D:4      | Reached skill level 5 in Dodging
  3359 | D:4      | Killed Menkaure
  3523 | D:4      | Found a staircase to the Ecumenical Temple.
  3542 | D:4      | Reached XP level 7. HP: 21/56 MP: 4/10
  3829 | Temple   | Entered the Ecumenical Temple
  3940 | Temple   | Fell from the grace of the Shining One
  3940 | Temple   | Became a worshipper of Ashenzari the Shackled
  4471 | D:4      | Identified the +4 leather armour "Jaamiric" {rC+ Dex+7}
  4609 | D:4      | Found an ornate altar of the Wu Jian Council.
  4647 | D:5      | Entered Level 5 of the Dungeon
  4820 | D:5      | Reached XP level 8. HP: 60/63 MP: 12/12
  5501 | D:6      | Reached XP level 9. HP: 69/69 MP: 14/14
  5786 | D:6      | Noticed Pikel
  6108 | D:6      | Reached skill level 5 in Stealth
  6320 | D:6      | Got the Meditations on the Assistive Switch
  6361 | D:6      | Found a blossoming altar of Fedhas.
  6667 | D:6      | Killed Pikel
  6668 | D:6      | Reached skill level 5 in Invocations
  6966 | D:7      | Reached skill level 5 in Short Blades
  6966 | D:7      | Reached skill level 5 in Long Blades
  6966 | D:7      | Reached skill level 5 in Axes
  6966 | D:7      | Reached skill level 5 in Maces & Flails
  6966 | D:7      | Reached skill level 5 in Polearms
  6966 | D:7      | Reached skill level 5 in Staves
  6966 | D:7      | Reached skill level 5 in Throwing
  6966 | D:7      | Reached skill level 5 in Armour
  6966 | D:7      | Reached skill level 5 in Shields
  6966 | D:7      | Reached skill level 5 in Unarmed Combat
  6966 | D:7      | Reached skill level 5 in Spellcasting
  6966 | D:7      | Reached skill level 5 in Evocations
  6966 | D:7      | Reached XP level 10. HP: 36/77 MP: 10/17
  7357 | D:7      | Reached skill level 10 in Ranged Weapons
  7681 | D:7      | Noticed bmack86's ghost (novice MiFi)
  7682 | D:7      | Found a transporter.
  7706 | D:7      | Found a transporter.
  7760 | D:7      | Reached * piety under Ashenzari
  8312 | D:8      | Found a sand-covered staircase.
  8316 | Ossuary  | Entered an ossuary
  8325 | Ossuary  | Learned a level 2 spell: Call Imp
  8327 | Ossuary  | Learned a level 1 spell: Sting
  8918 | D:8      | Learned a level 3 spell: Inner Flame
  8960 | D:8      | Reached ** piety under Ashenzari
  9017 | D:8      | Found a basalt altar of Yredelemnul.
  9178 | D:8      | Noticed a two-headed ogre
  9187 | D:8      | Killed a two-headed ogre
  9865 | D:9      | Found a shimmering blue altar of Sif Muna.
 10571 | D:9      | Identified the ring "Ycausug" {*Corrode rElec rN+ Will-
                  | SInv}
 10828 | D:9      | Reached skill level 5 in Conjurations
 10828 | D:9      | Reached skill level 5 in Hexes
 10828 | D:9      | Reached skill level 5 in Summonings
 10828 | D:9      | Reached skill level 5 in Necromancy
 10828 | D:9      | Reached skill level 5 in Translocations
 10828 | D:9      | Reached skill level 5 in Transmutations
 10828 | D:9      | Reached skill level 5 in Fire Magic
 10828 | D:9      | Reached skill level 5 in Ice Magic
 10828 | D:9      | Reached skill level 5 in Air Magic
 10828 | D:9      | Reached skill level 5 in Earth Magic
 10828 | D:9      | Reached skill level 5 in Poison Magic
 10832 | D:9      | Reached XP level 11. HP: 47/85 MP: 11/20
 11748 | D:9      | Noticed a two-headed ogre
 11754 | D:9      | Killed a two-headed ogre
 12530 | D:10     | Entered Level 10 of the Dungeon
 12779 | D:10     | Noticed a cyclops
 12780 | D:10     | Noticed a cyclops
 12780 | D:10     | Noticed an ogre mage
 12781 | D:10     | Noticed a two-headed ogre
 12927 | D:10     | Killed a cyclops
 12957 | D:10     | Found an ancient bone altar of Kikubaaqudgha.
 12970 | D:10     | Found Nugylaf's Antique Armour Shop.
 13047 | D:10     | Reached *** piety under Ashenzari
 13062 | D:11     | Noticed Fannar
 13062 | D:11     | Noticed a two-headed ogre
 13066 | D:10     | Killed a two-headed ogre
 13248 | D:11     | Noticed a two-headed ogre
 13257 | D:11     | Killed a two-headed ogre
 13361 | D:11     | Noticed a two-headed ogre
 13369 | D:11     | Killed a two-headed ogre
 13373 | D:11     | Reached XP level 12. HP: 93/97 MP: 24/24
 13487 | D:11     | Found a staircase to the Lair.
 13804 | D:11     | Killed Fannar
 14027 | D:11     | Found a basalt altar of Yredelemnul.
 14508 | D:11     | Noticed a centaur warrior
 14523 | D:11     | Killed a centaur warrior
 14958 | D:11     | Noticed a vault guard
 14977 | D:11     | Killed a vault guard
 15077 | D:11     | Found a portal to a secret trove of treasure.
 15300 | Lair:1   | Entered Level 1 of the Lair of Beasts
 15568 | Lair:1   | Noticed Amaemon
 15581 | Lair:1   | Killed Amaemon
 15745 | Lair:1   | Reached XP level 13. HP: 106/106 MP: 26/26
 16477 | Lair:2   | Found a staircase to the Swamp.
 17551 | Lair:2   | Found a staircase to the Snake Pit.
 18084 | Lair:3   | Reached skill level 10 in Fighting
 18084 | Lair:3   | Reached skill level 10 in Dodging
 19738 | Lair:4   | Reached skill level 10 in Invocations
 19738 | Lair:4   | Reached XP level 14. HP: 114/114 MP: 28/28
 20793 | Lair:4   | Identified the +10 shortbow of Discomfort {drain, rPois
                  | rC++ Str-5 SInv}
 21028 | Lair:5   | Entered Level 5 of the Lair of Beasts
 21340 | Lair:5   | Found a staircase to the Slime Pits.
 22042 | D:12     | Found a staircase to the Orcish Mines.
 22580 | Orc:1    | Entered Level 1 of the Orcish Mines
 22678 | Orc:2    | Entered Level 2 of the Orcish Mines
 22678 | Orc:2    | Found a staircase to the Elven Halls.
 22791 | Orc:2    | Noticed Sonja
 22796 | Orc:2    | Killed Sonja
 22859 | Orc:2    | Reached skill level 10 in Stealth
 23563 | Orc:2    | Found Rimablue's Distillery.
 23626 | Orc:2    | Paralysed by an orc sorcerer for 2 turns
 23804 | Orc:2    | Found an ancient bone altar of Kikubaaqudgha.
 23953 | Orc:2    | Found Cutwe's Jewellery Shop.
 23989 | Orc:2    | Found a radiant altar of Vehumet.
 24030 | Orc:2    | Found Riqear's Antique Weapon Shop.
 24036 | Orc:2    | Paralysed by an orc sorcerer for 4 turns
 24048 | Orc:2    | Found Utopaj's Antique Armour Boutique.
 24275 | Orc:1    | Learned a level 3 spell: Summon Guardian Golem
 24279 | Orc:1    | Learned a level 3 spell: Call Canine Familiar
 24499 | Orc:2    | Bought a potion of curing for 36 gold pieces
 24499 | Orc:2    | Bought a potion of curing for 36 gold pieces
 24522 | Orc:2    | Bought the ring of Xojuziux {Fly rC+++} for 1071 gold
                  | pieces
 24699 | D:13     | Reached skill level 10 in Short Blades
 24699 | D:13     | Reached skill level 10 in Long Blades
 24699 | D:13     | Reached skill level 10 in Axes
 24699 | D:13     | Reached skill level 10 in Maces & Flails
 24699 | D:13     | Reached skill level 10 in Polearms
 24699 | D:13     | Reached skill level 10 in Staves
 24699 | D:13     | Reached skill level 10 in Throwing
 24699 | D:13     | Reached skill level 10 in Armour
 24699 | D:13     | Reached skill level 10 in Shields
 24699 | D:13     | Reached skill level 10 in Unarmed Combat
 24699 | D:13     | Reached skill level 10 in Spellcasting
 24699 | D:13     | Reached skill level 10 in Evocations
 24941 | D:13     | Found a snail-covered altar of Cheibriados.
 25472 | D:12     | Reached XP level 15. HP: 32/122 MP: 26/30
 26283 | D:15     | Entered Level 15 of the Dungeon
 26335 | D:14     | Noticed Kirke
 26393 | D:14     | Identified the cursed +2 helmet of the Profound Paranoia
                  | {Fort, Elem} (You found it on level 2 of the Lair of
                  | Beasts)
 26393 | D:14     | Identified the cursed +2 pair of gloves "Prison of
                  | Ashenzari" {Elem, Self} (You found it on level 9 of the
                  | Dungeon)
 26393 | D:14     | Identified the cursed +1 pair of boots "Omniscient
                  | Omission" {Melee, Fort} (You found it on level 10 of the
                  | Dungeon)
 26393 | D:14     | Identified the cursed ring of Ashenzari's Doubts {Dex+6,
                  | Melee, Elem} (You found it on level 2 of the Dungeon)
 26552 | D:14     | Reached **** piety under Ashenzari
 27435 | D:14     | Killed Kirke
 27844 | D:14     | Found a gate to the Vaults.
 28447 | D:15     | Found Roskay's Antique Weapon Boutique.
 28503 | D:15     | Found a staircase to the Depths.
 28820 | D:15     | Found Vodumyvvoy's Weapon Emporium.
 28832 | D:15     | Noticed Agnes
 29191 | D:15     | Found Dich's Jewellery Shoppe.
 29199 | D:15     | Bought a +4 ring of protection for 648 gold pieces
 29208 | D:15     | Found Iniahiu's Antique Weapon Emporium.
 29345 | Snake:1  | Entered Level 1 of the Snake Pit
 29714 | Snake:1  | Identified the +4 ring mail of Xom's Favour {rPois}
 29819 | Snake:1  | Identified the +9 flail "Kiazaul" {flame, rN+ Will+ Dex+2}
 29874 | Snake:1  | Noticed Rupert
 29884 | Snake:1  | Killed Rupert
 29955 | Snake:1  | Found a basalt altar of Yredelemnul.
 30567 | Snake:2  | Reached XP level 16. HP: 134/134 MP: 31/33
 31276 | Snake:2  | Noticed Roxanne
 32127 | Snake:2  | Killed Roxanne
 32245 | Snake:2  | Learned a level 5 spell: Lee's Rapid Deconstruction
 33374 | Snake:2  | Learned a level 4 spell: Cause Fear
 33378 | Snake:2  | Learned a level 3 spell: Ozocubu's Armour
 33384 | Snake:2  | Learned a level 5 spell: Silence
 33391 | Snake:2  | Learned a level 6 spell: Simulacrum
 33398 | Snake:2  | Learned a level 6 spell: Statue Form
 33984 | Snake:3  | Noticed a nagaraja
 33991 | Snake:3  | Killed a nagaraja
 34019 | Snake:3  | Identified the +10 arbalest of the Exceptional God {penet,
                  | rElec rPois rN+ Int-4}
 34483 | Snake:3  | Noticed a nagaraja
 34490 | Snake:3  | Killed a nagaraja
 34923 | Snake:3  | Noticed a nagaraja
 34931 | Snake:3  | Killed a nagaraja
 35035 | Snake:4  | Entered Level 4 of the Snake Pit
 35035 | Snake:4  | Found Kacw's Distillery.
 35071 | Snake:4  | Reached XP level 17. HP: 108/138 MP: 18/35
 35110 | Snake:4  | Bought a potion of heal wounds for 110 gold pieces
 35110 | Snake:4  | Bought a potion of curing for 66 gold pieces
 35110 | Snake:4  | Bought a potion of flight for 66 gold pieces
 35646 | Snake:4  | Reached skill level 10 in Conjurations
 35646 | Snake:4  | Reached skill level 10 in Hexes
 35646 | Snake:4  | Reached skill level 10 in Summonings
 35646 | Snake:4  | Reached skill level 10 in Necromancy
 35646 | Snake:4  | Reached skill level 10 in Translocations
 35646 | Snake:4  | Reached skill level 10 in Transmutations
 35646 | Snake:4  | Reached skill level 10 in Fire Magic
 35646 | Snake:4  | Reached skill level 10 in Ice Magic
 35646 | Snake:4  | Reached skill level 10 in Air Magic
 35646 | Snake:4  | Reached skill level 10 in Earth Magic
 35646 | Snake:4  | Reached skill level 10 in Poison Magic
 35695 | Snake:4  | Noticed Louise
 35707 | Snake:4  | Killed Louise
 37939 | Snake:4  | Got a serpentine rune of Zot
 38352 | D:7      | Killed bmack86's ghost
 38618 | Swamp:1  | Entered Level 1 of the Swamp
 38833 | Swamp:1  | Identified the +3 rapier of Vesa {flame, Fly Will- Dex+6
                  | Stlth+}
 39246 | Swamp:1  | Found a basalt altar of Yredelemnul.
 39499 | Swamp:1  | Found the +3 Mad Mage's Maulers {Infuse+∞ VampMP -Cast}
 41391 | Swamp:3  | Reached XP level 18. HP: 151/151 MP: 25/37
 41868 | Swamp:3  | Noticed Donald
 41882 | Swamp:3  | Killed Donald
 41912 | Swamp:3  | Found a runed translucent door.
 41917 | Swamp:3  | Noticed Zuvatino's ghost (adept MiFi)
 41917 | Swamp:3  | Identified the amulet "Mumemur" {RegenMP Fly rElec rCorr
                  | Dex-2}
 41917 | Swamp:3  | Identified the +9 flail of the Shoals {flame, rF+ rCorr
                  | Int+2}
 41998 | Swamp:4  | Entered Level 4 of the Swamp
 42297 | Swamp:4  | Reached skill level 15 in Ranged Weapons
 42579 | Swamp:4  | Learned a level 5 spell: Summon Forest
 42971 | Swamp:4  | Noticed a bone dragon
 43001 | Swamp:4  | Killed a bone dragon
 43789 | Swamp:4  | Got a decaying rune of Zot
 43814 | Swamp:4  | Learned a level 1 spell: Apportation
 44244 | Elf:1    | Entered Level 1 of the Elven Halls
 44445 | D:15     | Killed Agnes
 44711 | D:15     | Found Ydileof's Assorted Antiques.
 44720 | D:15     | Bought 3 potions of curing for 306 gold pieces
 44720 | D:15     | Bought a scroll of teleportation for 102 gold pieces
 45017 | Vaults:1 | Entered Level 1 of the Vaults
 45137 | D:11     | Learned a level 5 spell: Summon Mana Viper
 47673 | Vaults:1 | Reached XP level 19. HP: 144/159 MP: 27/39
 49389 | Vaults:2 | Noticed Bai Suzhen
 49423 | Vaults:2 | Killed Bai Suzhen
 52537 | Vaults:3 | Reached skill level 15 in Invocations
 52554 | Vaults:3 | Identified the +2 leather armour of Eternity {Str+3}
 53335 | Vaults:3 | Found Axyuwen's Distillery.
 53353 | Vaults:3 | Bought 2 potions of heal wounds for 180 gold pieces
 53353 | Vaults:3 | Bought a potion of heal wounds for 90 gold pieces
 53467 | Vaults:1 | Reached XP level 20. HP: 168/168 MP: 20/40
 55159 | Elf:1    | Identified the Directory of Power
 55537 | Elf:1    | Learned a level 6 spell: Summon Cactus Giant
 55612 | D:11     | Learned a level 4 spell: Dispel Undead
 57506 | Vaults:3 | Found a staircase to the Crypt.
 57876 | Vaults:3 | Noticed Asterion
 57886 | Vaults:3 | Killed Asterion
 57887 | Vaults:3 | Reached skill level 15 in Fighting
 57887 | Vaults:3 | Reached skill level 15 in Dodging
 59042 | Vaults:4 | Identified the +9 halberd "Emeifu Baep" {vamp, rN+ Int-2
                  | SInv}
 59050 | Vaults:4 | Found Xiqaenk's General Store.
 59060 | Vaults:4 | Bought a scroll of magic mapping for 120 gold pieces
 59738 | Vaults:4 | Reached XP level 21. HP: 177/177 MP: 38/42
 59779 | Vaults:4 | Found Fuwo Heygu's Antique Armour Boutique.
 59858 | Vaults:4 | Paralysed by a great orb of eyes for 3 turns
 60834 | Vaults:4 | Found Zyits's Weapon Emporium.
 61141 | Vaults:4 | Found Imeth's Assorted Antiques.
 61581 | Depths:1 | Entered Level 1 of the Depths
 61606 | Depths:1 | Reached skill level 15 in Stealth
 61651 | Depths:1 | Noticed Sojobo
 61890 | Depths:1 | Found a sparkling altar of Nemelex Xobeh.
 61910 | Depths:1 | Killed Sojobo
 62014 | Depths:1 | Reached skill level 15 in Short Blades
 62014 | Depths:1 | Reached skill level 15 in Long Blades
 62014 | Depths:1 | Reached skill level 15 in Axes
 62014 | Depths:1 | Reached skill level 15 in Maces & Flails
 62014 | Depths:1 | Reached skill level 15 in Polearms
 62014 | Depths:1 | Reached skill level 15 in Staves
 62014 | Depths:1 | Reached skill level 15 in Throwing
 62014 | Depths:1 | Reached skill level 15 in Armour
 62014 | Depths:1 | Reached skill level 15 in Shields
 62014 | Depths:1 | Reached skill level 15 in Unarmed Combat
 62014 | Depths:1 | Reached skill level 15 in Spellcasting
 62014 | Depths:1 | Reached skill level 15 in Evocations
 63204 | Depths:1 | Noticed a juggernaut
 63232 | Depths:1 | Killed a juggernaut
 63730 | Depths:1 | Found a gateway to Hell.
 63776 | Depths:2 | Found a one-way gate to the infinite horrors of the Abyss.
 64203 | Depths:2 | Identified a scroll of acquirement
 64288 | Depths:2 | Acquired 1055 gold pieces
 64446 | D:15     | Bought a phantom mirror for 1360 gold pieces
 65105 | Depths:2 | Gained mutation: You are weak. (Str -2) [a shining eye]
 65107 | Depths:2 | Gained mutation: You are frail. (-10% HP) [a shining eye]
 65110 | Depths:2 | Gained mutation: You are dopey. (Int -2) [a shining eye]
 65164 | Depths:2 | Gained mutation: You are clumsy. (Dex -2) [a shining eye]
 65550 | Depths:2 | Reached XP level 22. HP: 167/167 MP: 33/44
 65725 | Depths:2 | Paralysed by a great orb of eyes for 3 turns
 65860 | Depths:2 | Gained mutation: You do not regenerate when monsters are
                  | visible. [a shining eye]
 65944 | Depths:2 | Found a one-way gateway to a ziggurat.
 66306 | Depths:2 | Learned a level 2 spell: Sublimation of Blood
 67258 | Depths:2 | Noticed a golden dragon
 67318 | Depths:2 | Killed a golden dragon
 67687 | Depths:2 | Found the +5 glaive of the Guard {elec, spectral, AC+5}
 67908 | Depths:2 | Found a one-way gate leading to the halls of Pandemonium.
 70386 | Depths:3 | Found Cythileq's One-of-a-Kind Books.
 70536 | Depths:3 | Identified the +10 hand axe of Infinite Pain {elec, Fly
                  | rPois rF+}
 71486 | Depths:3 | Found a hazy altar of Hepliaklqana.
 72071 | Depths:3 | Identified the +0 robe of Zuq Uclo {rN+ Int+2}
 72356 | Depths:3 | Identified the +8 pearl dragon scales of the Bulwark {rElec
                  | rC+ rN+}
 72542 | Depths:3 | Identified the +6 short sword of Dim Light {freeze, Int+6}
 73281 | Vaults:4 | Bought a pair of embroidered gloves for 157 gold pieces
 73285 | Vaults:4 | Bought a shiny scale mail for 147 gold pieces
 74134 | Depths:4 | Entered Level 4 of the Depths
 74141 | Depths:4 | Paralysed by a vampire knight for 5 turns
 74260 | Depths:4 | Noticed a caustic shrike
 74260 | Depths:4 | Noticed a caustic shrike
 74262 | Depths:4 | Noticed a caustic shrike
 74325 | Depths:4 | Found Saof's Antique Weapon Emporium.
 75302 | Depths:4 | Noticed a caustic shrike
 75311 | Depths:4 | Killed a caustic shrike
 75327 | Depths:4 | Killed a caustic shrike
 75335 | Depths:4 | Killed a caustic shrike
 75810 | Depths:4 | Found a broken altar of Ashenzari.
 75865 | Depths:1 | Lost mutation: You do not regenerate when monsters are
                  | visible. [potion of mutation]
 75865 | Depths:1 | Lost mutation: You are frail. (-10% HP) [potion of
                  | mutation]
 75865 | Depths:1 | Gained mutation: Your flesh is cold resistant. (rC+)
                  | [potion of mutation]
 75865 | Depths:1 | Gained mutation: You are frail. (-10% HP) [potion of
                  | mutation]
 76254 | Depths:4 | Identified the +2 helmet "Ynowkidd" {Dex+3}
 76397 | Depths:4 | Killed a caustic shrike
 76812 | Depths:4 | an iron giant changed into a golden dragon
 76812 | Depths:4 | Noticed a golden dragon (glowing shapeshifter)
 78308 | Depths:4 | Reached XP level 23. HP: 143/174 MP: 27/45
 78442 | Depths:4 | Found a gate to the Realm of Zot.
 79255 | Elf:2    | Found a frozen archway.
 79283 | Elf:2    | Paralysed by an air elemental for 1 turns
 79287 | Elf:2    | Paralysed by an air elemental for 1 turns
 79581 | IceCv    | Entered an ice cave
 81792 | IceCv    | Identified the ring of Fatigue {Ice Int+5}
 81962 | IceCv    | Identified the ring of Iqeur {Ice Stlth+}
 82313 | Elf:2    | Found Igisodi's Armour Emporium.
 82906 | Elf:2    | Paralysed by an air elemental for 1 turns
 83236 | Elf:2    | Paralysed by an air elemental for 1 turns
 83574 | Elf:2    | Found a bloodstained altar of Trog.
 84007 | Elf:2    | Found a runed translucent gate.
 84007 | Elf:2    | Found a runed translucent gate.
 84007 | Elf:2    | Found a runed translucent gate.
 84091 | Elf:3    | Entered Level 3 of the Elven Halls
 84091 | Elf:3    | Found Qyllur's Weapon Shop.
 84502 | Elf:3    | Noticed Zenata
 84992 | Elf:3    | Killed Zenata
 87138 | Elf:3    | Identified the ring of Megalomania {+Blink rElec Str+5
                  | Slay+4}
 87186 | Elf:3    | Identified the +6 scimitar of the Warrior-Mage {heavy,
                  | rCorr Str-2 Int+2}
 87186 | Elf:3    | Identified the +14 plate armour of Reoneawi {rPois MP-9
                  | Str+8 Dex+5}
 87186 | Elf:3    | Identified the amulet of Xyoplill {Faith rC+ Dex+2}
 87768 | Elf:3    | Identified the +4 long sword "Daecagiako" {flame, *Rage
                  | *Noise rPois rN+ Dex+5}
 87775 | Elf:3    | Identified the +3 short sword of the Big Fish {spect,
                  | Dex+2}
 87778 | Elf:3    | Identified the amulet "Leirej" {Reflect rElec Str+2 SH+5}
 87824 | Abyss:2  | Cast into level 2 of the Abyss (a deep elf demonologist)
 87838 | Elf:3    | Escaped the Abyss
 87996 | Elf:3    | Identified the amulet of Ylybbauq {Reflect rElec SH+5}
 88186 | Elf:3    | Identified the +3 hand axe of Syast {speed, rPois Will+}
 88186 | Elf:3    | Identified the ring of the Forgotten Hells {Fire rPois}
 89438 | Elf:2    | Reached XP level 24. HP: 176/182 MP: 29/46
 90172 | Depths:3 | Bought Noqenkao's Hermetics, Part Five for 720 gold pieces
 90179 | Depths:3 | Learned a level 5 spell: Borgnjor's Vile Clutch
 90484 | Crypt:1  | Entered Level 1 of the Crypt
 90970 | Crypt:1  | Noticed Jory
 90989 | Crypt:1  | Killed Jory
 92262 | Crypt:1  | Found a runed translucent gate.
 92263 | Crypt:1  | Found a runed translucent gate.
 92263 | Crypt:1  | Found a runed translucent gate.
 92264 | Crypt:1  | Noticed Weuw's ghost (adept GrFi)
 92265 | Crypt:1  | Noticed Zievuyg's ghost (adept MiFi)
 92265 | Crypt:1  | Noticed Onexaaje's ghost (adept GrFi)
 92265 | Crypt:1  | Noticed Hegoitz's ghost (veteran MiGl)
 92265 | Crypt:1  | Noticed Omoexics's ghost (veteran DsGl)
 92362 | Crypt:1  | Noticed Grunn
 92785 | Crypt:1  | Found a basalt altar of Yredelemnul.
 94047 | Crypt:3  | Entered Level 3 of the Crypt
 94229 | Crypt:3  | Noticed Katt's ghost (adept MiFi)
 94317 | Crypt:3  | Found a transporter.
 94344 | Crypt:3  | Found a transporter.
 94700 | Crypt:3  | Identified the +0 pair of gloves of Kiny {rElec Int+6 Dex-5
                  | SInv}
 95168 | Crypt:3  | Identified the amulet "Xoehabe" {rPois rC+ rN+++ Regen+
                  | Str-2}
 95670 | Crypt:3  | Found a staircase to the Tomb.
 95934 | Crypt:3  | Noticed a curse toe
 95940 | Crypt:3  | Noticed a dread lich
 96702 | Crypt:3  | Found an ancient bone altar of Kikubaaqudgha.
 96735 | Crypt:3  | Killed a curse toe
 96805 | Crypt:3  | Found a basalt altar of Yredelemnul.
 96907 | Crypt:3  | Identified the +1 ring mail of Vehoceqi {rCorr Int+5}
 96927 | Crypt:3  | Identified the +3 helmet of the Yeti {rC+ rN+}
 97316 | Vaults:4 | Bought a scroll of fear for 64 gold pieces
 97316 | Vaults:4 | Bought 2 potions of berserk rage for 160 gold pieces
 97542 | Orc:2    | Bought a potion of brilliance for 48 gold pieces
 97542 | Orc:2    | Bought a potion of brilliance for 48 gold pieces
 97697 | D:15     | Bought a fine broad axe for 270 gold pieces
 97697 | D:15     | Identified the +8 broad axe of Overwhelming Force {drain,
                  | Will+} (You bought it in a shop on level 15 of the Dungeon)
 98183 | Vaults:5 | Entered Level 5 of the Vaults
 98767 | Vaults:5 | Reached XP level 25. HP: 190/190 MP: 21/47
 98889 | Vaults:5 | Identified the ring of Luxzab {rElec rF+ Will+ rCorr Dex+4}
 99161 | Vaults:5 | Identified the +2 short sword of the Muttering Ass {pain,
                  | rF+}
 99215 | Vaults:5 | Identified the ring of the Serpent {rElec rC+ rN+ Will-
                  | rCorr Slay+2}
 99351 | Vaults:5 | Got a silver rune of Zot
 99683 | Vaults:5 | Identified the ring of Pidycot {rPois Will+ AC+4 Str-2
                  | Int+2 Slay+6}
 99988 | Vaults:5 | Identified the +5 morningstar of the Inferno {heavy, rF+++
                  | rC+ rN+ Dex-5}
100372 | Vaults:5 | Identified the +5 short sword of Natsur {drain, Contam
                  | rPois rF++ MP+9}
100767 | Vaults:5 | Identified the +3 battleaxe "Jellyslayer" {heavy, +Blink
                  | rElec MP-9}
100985 | Vaults:5 | Identified the +1 ring mail of Yppufus {rElec}
101374 | Vaults:5 | Identified the +3 war axe "Dragonslayer" {freeze, *Rage rN+
                  | Str+4 Dex+4}
101655 | Vaults:5 | Identified the Octavo of the Assassin
102386 | Depths:3 | Bought The Last Secrets of Witchery for 720 gold pieces
102398 | Depths:3 | Learned a level 7 spell: Malign Gateway
102414 | Hell     | Entered the Vestibule of Hell
102414 | Hell     | Noticed Geryon
102427 | Hell     | Reached skill level 15 in Conjurations
102427 | Hell     | Reached skill level 15 in Hexes
102427 | Hell     | Reached skill level 15 in Summonings
102427 | Hell     | Reached skill level 15 in Necromancy
102427 | Hell     | Reached skill level 15 in Translocations
102427 | Hell     | Reached skill level 15 in Transmutations
102427 | Hell     | Reached skill level 15 in Fire Magic
102427 | Hell     | Reached skill level 15 in Ice Magic
102427 | Hell     | Reached skill level 15 in Air Magic
102427 | Hell     | Reached skill level 15 in Earth Magic
102427 | Hell     | Reached skill level 15 in Poison Magic
102428 | Hell     | Noticed an ancient lich
103047 | Depths:3 | Killed an ancient lich
108808 | Hell     | Found a gateway to the Iron City of Dis.
108984 | Hell     | Found a gateway to the decaying netherworld of Tartarus.
109267 | Hell     | Found a gateway to the freezing wastes of Cocytus.
110107 | Zig:1    | Entered Level 1 of a ziggurat
110229 | Zig:2    | Entered Level 2 of a ziggurat
110377 | Zig:3    | Entered Level 3 of a ziggurat
110377 | Zig:3    | Identified the ring "Orchoinorgh" {*Slow rElec rPois rN++
                  | Will+}
110556 | Zig:4    | Entered Level 4 of a ziggurat
110556 | Zig:4    | Identified the +7 quarterstaff of Leno {flame, Str+6}
111126 | Zig:5    | Entered Level 5 of a ziggurat
111379 | Zig:6    | Entered Level 6 of a ziggurat
111382 | Zig:6    | Noticed a shard shrike
111386 | Zig:6    | Paralysed by a wendigo for 1 turns
111391 | Zig:6    | Killed a shard shrike
111392 | Zig:6    | Reached XP level 26. HP: 196/196 MP: 25/46
111398 | Zig:6    | Identified the +1 dagger "Orb Guardian's Peril" {heavy,
                  | +Blink rC- Str+3}
111471 | Zig:7    | Entered Level 7 of a ziggurat
111550 | Zig:8    | Entered Level 8 of a ziggurat
111706 | Zig:9    | Entered Level 9 of a ziggurat
111732 | Zig:9    | Identified the +8 hand axe of Beastly True Grit {speed,
                  | rElec}
112005 | Depths:2 | Glimpsed the power of Zot.
112072 | Zot:1    | Entered Level 1 of the Realm of Zot
112072 | Zot:1    | Identified the amulet of Mokibiti {Spirit +Blink Int+6
                  | Dex-4}
112072 | Zot:1    | Found a transporter.
112116 | Zot:1    | Identified the amulet "Mokyses" {Spirit +Blink}
112116 | Zot:1    | Identified the ring "Ymutt" {rN+ MP+9 Stlth+}
112288 | Zot:1    | Found a huge runed gate.
112288 | Zot:1    | Found a huge runed gate.
112289 | Zot:1    | Found a huge runed gate.
112293 | Zot:1    | Found a huge runed gate.
112293 | Zot:1    | Found a huge runed gate.
112293 | Zot:1    | Found a huge runed gate.
112304 | Zot:1    | Found a huge runed gate.
112304 | Zot:1    | Found a huge runed gate.
112304 | Zot:1    | Found a huge runed gate.
112306 | Zot:1    | Found a huge runed gate.
112306 | Zot:1    | Found a huge runed gate.
112313 | Zot:1    | Found a huge runed gate.
112313 | Zot:1    | Found a huge runed gate.
112313 | Zot:1    | Found a huge runed gate.
112313 | Zot:1    | Found a huge runed gate.
112313 | Zot:1    | Found a huge runed gate.
112313 | Zot:1    | Found a huge runed gate.
112314 | Zot:1    | Found a huge runed gate.
112315 | Zot:1    | Found a huge runed gate.
112316 | Zot:1    | Found a huge runed gate.
112586 | Zot:1    | Found a huge runed gate.
112587 | Zot:1    | Found a huge runed gate.
112588 | Zot:1    | Found a huge runed gate.
112589 | Zot:1    | Found a huge runed gate.
112590 | Zot:1    | Found a huge runed gate.
112591 | Zot:1    | Found a huge runed gate.
112592 | Zot:1    | Found a huge runed gate.
112593 | Zot:1    | Found a huge runed gate.
112606 | Zot:1    | Found a huge runed gate.
112606 | Zot:1    | Found a huge runed gate.
112606 | Zot:1    | Found a huge runed gate.
112606 | Zot:1    | Found a huge runed gate.
112606 | Zot:1    | Found a huge runed gate.
112606 | Zot:1    | Found a huge runed gate.
112607 | Zot:1    | Found a huge runed gate.
112608 | Zot:1    | Found a huge runed gate.
113198 | Zot:1    | Noticed an orb of fire
113203 | Zot:1    | Gained mutation: Your body sometimes deteriorates upon
                  | taking damage. [an orb of fire]
113209 | Zot:1    | Gained mutation: You are very frail. (-20% HP) [an orb of
                  | fire]
113213 | Zot:1    | Gained mutation: You are very dopey. (Int -4) [an orb of
                  | fire]
113215 | Zot:1    | Gained mutation: You are extremely frail. (-30% HP) [an orb
                  | of fire]
113241 | Zot:1    | Killed an orb of fire
113616 | Vaults:3 | Bought a potion of mutation for 144 gold pieces
113618 | Vaults:3 | Lost mutation: Your flesh is cold resistant. (rC+) [potion
                  | of mutation]
113618 | Vaults:3 | Lost mutation: You are extremely frail. (-30% HP) [potion
                  | of mutation]
113618 | Vaults:3 | Gained mutation: You are very weak. (Str -4) [potion of
                  | mutation]
113618 | Vaults:3 | Lost mutation: You are very frail. (-20% HP) [potion of
                  | mutation]
113618 | Vaults:3 | Gained mutation: You expend magic power (3 MP) to
                  | strengthen your wands. [potion of mutation]
113816 | Orc:2    | Bought a potion of mutation for 96 gold pieces
113818 | Orc:2    | Lost mutation: You expend magic power (3 MP) to strengthen
                  | your wands. [potion of mutation]
113818 | Orc:2    | Lost mutation: You are very dopey. (Int -4) [potion of
                  | mutation]
113818 | Orc:2    | Lost mutation: You are clumsy. (Dex -2) [potion of
                  | mutation]
113818 | Orc:2    | Lost mutation: You are frail. (-10% HP) [potion of
                  | mutation]
113818 | Orc:2    | Gained mutation: You have sharp toenails. [potion of
                  | mutation]
113818 | Orc:2    | Gained mutation: Your flesh is cold resistant. (rC+)
                  | [potion of mutation]
114768 | Zot:1    | Found the +4 dragonskin cloak
114768 | Zot:1    | Noticed Tiamat
114816 | Zot:1    | Learned a level 2 spell: Blink
115100 | Zot:2    | Identified the +9 scale mail of the Pits of Slime {Rampage
                  | rPois}
116244 | Zot:2    | Noticed an orb of fire
116264 | Zot:2    | Gained mutation: You are frail. (-10% HP) [an orb of fire]
116268 | Zot:2    | Gained mutation: Armour fits poorly on your strangely
                  | shaped body. [an orb of fire]
116279 | Zot:2    | Slain by a purple draconian

Illustrated notes

Levels and vault maps discovered:
D:1:      nzn_arrival_settlement, layout_basic, nrook_uturn
D:2:      minmay_diamond_boxcup, layout_basic, serial_shops,
          nicolae_shop_advertising_works [nicolae_subvault_shop_adworks],
          uniq_crazy_yiuf_cottage
D:3:      layout_loops_ring, amcnicky_altar_gilded,
          nicolae_tso_swordbearing_angel, lemuel_tele_altar,
          lightli_temple_of_fire
D:4:      layout_gridville, mainiacjoe_overflow_surrounded_room,
          marbit_many_paths, minmay_temple_entry_grid, bh_walls_and_bars,
          uniq_menkaure
D:5:      layout_basic, hangedman_decor_opposing, chequers_serial_rivers_micro_e
D:6:      layout_basic, mainiacjoe_overflow_alcove_2, uniq_pikel
D:7:      layout_loops_ring, enter_bailey_4, gammafunk_ghost_hive
D:8:      layout_gridville, mainiacjoe_overflow_alcove_4,
          nicolae_ossuary_entry_giza
D:9:      cheibrodos_helix_gallery, layout_irregular_city,
          nicolae_sif_muna_condensation, chequers_serial_rivers_marsh,
          corexii_hall_statues_x
D:10:     layout_roguey, overflow_temple_1_default, serial_shops,
          nicolae_shop_hallway_plus, grunt_tough_drop
D:11:     layout_small_grid, david_lair_generic, enter_trove_5,
          nicolae_yredelemnul_corpse_copse, uniq_fannar
D:12:     layout_stronghold, david_orc_2, nzn_life_drinkers
D:13:     layout_cross, cheibriados_altar_1
D:14:     layout_loops_ring, lightli_vaults_fourway_checkpoint, serial_rivers,
          chequers_serial_rivers_large_b, chequers_serial_rivers_small_3,
          chequers_serial_rivers_small_3, chequers_serial_rivers_marsh,
          chequers_serial_rivers_marsh, chequers_arboretum, uniq_kirke
D:15:     grunt_enter_depths_hoard, layout_loops_ring, serial_shops,
          nicolae_lakefront_shop, shop, nicolae_shop_bloodbath_and_beyond, shop,
          shop, serial_bayou_pond_e, uniq_agnes
Temple:   nicolae_temple_godzebo
Lair:1:   layout_cave_pods, serial_bayou_shore_b, serial_bayou_shore_b,
          grunt_megastairs_4, uniq_amaemon
Lair:2:   nzn_winding_woodlands_small [nzn_winding_woodlands_5x15_sidewinder,
          nzn_winding_woodlands_center_garden,
          nzn_winding_woodlands_5x15_split_checker], layout_chaotic_city,
          minmay_swamp_entry_swarm, nicolae_snake_entry_warm_welcome,
          grunt_megastairs_1
Lair:3:   layout_roguey, serial_bayou_shore_b, serial_bayou_shore_a
Lair:4:   layout_cave_pods, pdpol_lair_cavern_descent, grunt_megastairs_3
Lair:5:   minmay_lair_end_frog_pond, layout_regular_city,
          nicolae_slime_entry_field_trip, chequers_serial_rivers_micro_a,
          serial_bayou_shore_b
Swamp:1:  layout_basic_swamp, basic_altar, swamp_pool4,
          nicolae_swamp_orc_logging_accident, st_swamp_ruins_1
Swamp:2:  layout_falls_marsh, serial_swamp_ruin, evilmike_swamp_ruin_rubble_1,
          evilmike_swamp_ruin_house_5
Swamp:3:  nicolae_swamp_tree_isthmus, layout_basic_swamp,
          ebering_ghost_reflecting_pool, nicolae_swamp_well_well_well,
          swamp_pool1, uniq_donald
Swamp:4:  swamp_pestilence, layout_basic_swamp
Snake:1:  layout_honeycomb, basic_altar, uniq_rupert
Snake:2:  layout_onion, uniq_roxanne
Snake:3:  layout_misc_corridors, statue_in_the_mist_lemuel, drop_trap,
          nrook_guardian_serpent_double, serial_bayou_shore_b
Snake:4:  minmay_snake_end_coiled, layout_onion, serial_shops,
          nicolae_shop_statue_plus, uniq_louise
Orc:1:    layout_caves
Orc:2:    kennysheep_orc_mage_school, layout_caves, gauntlet_entry_generic,
          uniq_sonja
Elf:1:    layout_geoelf_grid, minmay_elf_sorcery
Elf:2:    nicolae_elf_blades_splatter_lattice [nicolae_blade_bullseye],
          layout_loops_cross, serial_shops, shop,
          portal_ice_cave_entry_pillars_1, evilmike_spriggan_trog_shrine
Elf:3:    minmay_elf_hall_circle, layout_geoelf_castle, special_room
          [special_room_orc], serial_shops, shop_statue, minivault_27,
          uniq_zenata
Vaults:1: hangedman_vaults_stretched_pinwheel, v_misc_4,
          nicolae_vaults_little_squares_6, dpeg_vaults_monster_box, v_misc_11,
          ontoclasm_vaults_loading_screen, v_misc_5, vaults_dpeg_emergency_exit,
          nicolae_vaults_border_crossing, layout_vaults_omnigrid
Vaults:2: hangedman_vaults_stretched_pinwheel, nicolae_vaults_back_hallway,
          ontoclasm_vaults_misaligned, vaults_dpeg_diagonal, v_misc_4,
          v_misc_16, v_misc_23, vaults_dpeg_encased_lava, nicolae_vaults_theta,
          vaults_standard_mumra_x, hangedman_vaults_cutoff,
          layout_vaults_omnicross, uniq_bai_suzhen
Vaults:3: portal_desolation_entry_salt, minmay_crypt_entry_skeletal_spiral,
          ontoclasm_vaults_eye, nicolae_vaults_statue_guard,
          ontoclasm_vaults_pinch, grunt_vaults_diagonal, hangedman_vaults_nails,
          v_misc_16, v_misc_31, hangedman_vaults_snaps, vaults_room_ringed_pool,
          ontoclasm_vaults_ligature, v_pattern_3,
          ontoclasm_vaults_loading_screen, vaults_mumra_hex,
          vaults_room_semicircle, layout_vaults_omnibox, serial_shops,
          nicolae_shop_statue_plus, uniq_asterion
Vaults:4: infiniplex_enter_wizlab_glasses, nicolae_vaults_network_periphery,
          hangedman_vaults_stagger, v_misc_5, hangedman_vaults_river_flow,
          nicolae_vaults_diagonal_hallway_6, nicolae_vaults_ring_of_whatevers,
          v_alt_pattern_4, v_misc_18, v_rooms_1, ontoclasm_vaults_gateway,
          layout_vaults_ring, serial_shops, nicolae_shop_hallway_stairs,
          nicolae_shop_statue_plus, shop, shop
Vaults:5
Crypt:1:  layout_misc_corridors, gammafunk_ghost_cemetery, basic_altar,
          uniq_grunn, uniq_jory
Crypt:2:  layout_misc_corridors
Crypt:3:  lightli_unholy_cathedral, layout_chaotic_city,
          nicolae_tomb_entry_grand_gallery, gammafunk_ghost_abyssal_escape
Depths:1: layout_cave_shapes, pf_dread_powers_of_hell,
          nemelex_xobeh_ov_fountains_minmay, kennysheep_doodads, nrook_campfire,
          minmay_misc_feat_room, drop_trap, wad_mini_maze, uniq_sojobo
Depths:2: minmay_guarded_unrand_guard, layout_gridlike, enter_ziggurat_d,
          nicolae_hell_entry_hellmouth_sunbeams, hangedman_abyss_entry_splay,
          rand_demon_pan_entry_9, grunt_decor_cap
Depths:3: evilmike_iron_armoury, layout_cave_pools, minmay_room_of_horrors,
          nzn_hepliaklqana_mist_gate, rand_demon_pan_entry_7, hell_entry,
          nicolae_rare_books, evilmike_butchery
Depths:4: grunt_zot_entry_bicorn, layout_gridlike, minmay_misc_feat_enclosed,
          hell_entry, serial_shops, nicolae_shop_hallway_stairs, abyss_entry,
          nicolae_ashenzari_skybound
Hell
Zot:1:    gammafunk_dig_for_victory, layout_gridlike, not_door_vault_due,
          uniq_tiamat
Zot:2:    layout_misc_corridors

Skill      XL: |  1  2  3  4  5  6  7  8  9 10 11 12 13 14 15 16 17 18 19 20 21 22 23 24 25 26 |
---------------+-------------------------------------------------------------------------------+-----
Invocations    | 1 2 3 4 5 6 7 8 10 11 12 13 14 15 16 17 18 19 | 19.8
Short Blades   | 1 2 3 5 6 7 8 9 10 11 12 13 14 15 16 17 18 | 18.3
Long Blades    | 1 2 3 5 6 7 8 9 10 11 12 13 14 15 16 17 18 | 18.3
Axes           | 1 2 3 5 6 7 8 9 10 11 12 13 14 15 16 17 18 | 18.3
Maces & Flails | 1 2 3 5 6 7 8 9 10 11 12 13 14 15 16 17 18 | 18.3
Polearms       | 1 2 3 5 6 7 8 9 10 11 12 13 14 15 16 17 18 | 18.3
Staves         | 1 2 3 5 6 7 8 9 10 11 12 13 14 15 16 17 18 | 18.3
Throwing       | 1 2 3 5 6 7 8 9 10 11 12 13 14 15 16 17 18 | 18.3
Armour         | 1 2 3 5 6 7 8 9 10 11 12 13 14 15 16 17 18 | 18.3
Shields        | 1 2 3 5 6 7 8 9 10 11 12 13 14 15 16 17 18 | 18.3
Unarmed Combat | 1 2 3 5 6 7 8 9 10 11 12 13 14 15 16 17 18 | 18.3
Spellcasting   | 1 2 3 5 6 7 8 9 10 11 12 13 14 15 16 17 18 | 18.3
Evocations     | 1 2 3 5 6 7 8 9 10 11 12 13 14 15 16 17 18 | 18.3
Conjurations   | 1 2 3 4 5 6 7 8 9 10 11 12 13 14 15 | 15.6
Hexes          | 1 2 3 4 5 6 7 8 9 10 11 12 13 14 15 | 15.6
Summonings     | 1 2 3 4 5 6 7 8 9 10 11 12 13 14 15 | 15.6
Necromancy     | 1 2 3 4 5 6 7 8 9 10 11 12 13 14 15 | 15.6
Translocations | 1 2 3 4 5 6 7 8 9 10 11 12 13 14 15 | 15.6
Transmutations | 1 2 3 4 5 6 7 8 9 10 11 12 13 14 15 | 15.6
Fire Magic     | 1 2 3 4 5 6 7 8 9 10 11 12 13 14 15 | 15.6
Ice Magic      | 1 2 3 4 5 6 7 8 9 10 11 12 13 14 15 | 15.6
Air Magic      | 1 2 3 4 5 6 7 8 9 10 11 12 13 14 15 | 15.6
Earth Magic    | 1 2 3 4 5 6 7 8 9 10 11 12 13 14 15 | 15.6
Poison Magic   | 1 2 3 4 5 6 7 8 9 10 11 12 13 14 15 | 15.6
Stealth        | 3 4 5 6 7 8 9 10 11 12 13 14 15 16 17 18 | 18.4
Fighting       | 5 6 7 8 9 10 11 12 13 14 15 16 17 18 | 18.8
Dodging        | 5 6 7 8 9 10 11 12 13 14 15 16 17 18 | 18.8
Ranged Weapons | 9 10 11 12 13 14 15 16 17 18 19 | 19.9

Action                     |  1- 3 |  4- 6 |  7- 9 | 10-12 | 13-15 | 16-18 | 19-21 | 22-24 | 25-27 || total
---------------------------+-------+-------+-------+-------+-------+-------+-------+-------+-------++-------
  Melee: Shortbow          |       |     2 |       |       |       |       |       |       |       ||     2
         Falchion          |       |       |       |       |     6 |       |       |       |       ||     6
         Punch             |       |       |       |       |     1 |       |     3 |       |       ||     4
         Unarmed           |       |       |       |       |     2 |       |       |   243 |   234 ||   479
         Lajatang          |       |       |       |       |       |    29 |       |       |       ||    29
         Bite              |       |       |       |       |       |     3 |     4 |   103 |    80 ||   190
         Halberd           |       |       |       |       |       |       |    50 |       |       ||    50
         Scimitar          |       |       |       |       |       |       |     5 |       |     3 ||     8
         Eveningstar       |       |       |       |       |       |       |       |    45 |       ||    45
         Hand axe          |       |       |       |       |       |       |       |    29 |       ||    29
         Flail             |       |       |       |       |       |       |       |   120 |       ||   120
         Double sword      |       |       |       |       |       |       |       |    13 |    84 ||    97
   Fire: Shortbow          |    91 |    96 |   311 |   188 |   737 |  1186 |   697 |    97 |       ||  3403
         Arbalest          |       |       |       |   448 |   385 |       |       |   146 |       ||   979
         Hand crossbow     |       |       |       |       |       |       |       |   450 |   458 ||   908
  Throw: Javelin           |       |       |       |       |       |       |       |   102 |       ||   102
         Boomerang         |       |       |       |       |       |       |       |    28 |       ||    28
   Cast: Call Imp          |       |       |       |     2 |     8 |     1 |       |       |       ||    11
         Sting             |       |       |       |    15 |       |       |       |       |       ||    15
         Inner Flame       |       |       |       |       |     7 |    19 |       |       |       ||    26
         Call Canine Famil |       |       |       |       |    22 |    14 |       |       |       ||    36
         Summon Guardian G |       |       |       |       |    20 |    31 |    75 |   135 |    45 ||   306
         Simulacrum        |       |       |       |       |       |   111 |   120 |    70 |    50 ||   351
         Lee's Rapid Decon |       |       |       |       |       |    21 |     1 |       |       ||    22
         Ozocubu's Armour  |       |       |       |       |       |     4 |       |     1 |       ||     5
         Cause Fear        |       |       |       |       |       |     4 |    10 |     2 |       ||    16
         Summon Mana Viper |       |       |       |       |       |    17 |    88 |   164 |    48 ||   317
         Summon Forest     |       |       |       |       |       |    12 |    64 |    70 |    29 ||   175
         Summon Cactus Gia |       |       |       |       |       |       |    34 |    63 |    28 ||   125
         Apportation       |       |       |       |       |       |       |     1 |     2 |     2 ||     5
         Sublimation of Bl |       |       |       |       |       |       |       |     7 |       ||     7
         Statue Form       |       |       |       |       |       |       |       |    24 |    28 ||    52
         Borgnjor's Vile C |       |       |       |       |       |       |       |       |     9 ||     9
         Malign Gateway    |       |       |       |       |       |       |       |       |    14 ||    14
 Invoke: Curse Item        |       |       |     1 |     4 |     3 |       |       |     1 |     1 ||    10
         Shatter the Chain |       |       |       |       |     1 |       |       |     2 |       ||     3
Ability: Evoke Blink       |       |       |       |       |       |       |       |       |     4 ||     4
  Evoke: Wand              |       |       |       |     9 |    19 |    27 |    45 |    25 |     3 ||   128
         Box of beasts     |       |       |       |       |       |     5 |    11 |    11 |     4 ||    31
         Phantom mirror    |       |       |       |       |       |       |     1 |    12 |     6 ||    19
         Phial of floods   |       |       |       |       |       |       |       |     8 |     3 ||    11
         Lightning rod     |       |       |       |       |       |       |       |       |    11 ||    11
         Tin of tremorston |       |       |       |       |       |       |       |       |     2 ||     2
    Use: Scroll            |     5 |       |     7 |     5 |    12 |    14 |    16 |    17 |    20 ||    96
         Potion            |       |     2 |     1 |     1 |     3 |    21 |     9 |    15 |    34 ||    86
   Stab: Invisible         |       |       |       |       |       |     3 |       |       |       ||     3
         Distracted        |       |       |       |       |       |     1 |     1 |    12 |     3 ||    17
         Paralysed         |       |       |       |       |       |       |     4 |     6 |       ||    10
 Armour: Leather armour    |    10 |     5 |    24 |    98 |   173 |   188 |    79 |    27 |       ||   604
         Skin              |       |    24 |       |       |       |       |       |    75 |   293 ||   392
         Pearl dragon scal |       |       |       |       |       |       |       |   324 |    57 ||   381
         Fire dragon scale |       |       |       |       |       |       |       |       |   318 ||   318
  Dodge: Dodged            |    33 |    40 |   151 |   484 |   734 |   805 |   605 |   738 |  1481 ||  5071
  Block: Kite shield       |       |       |       |       |       |       |       |   810 |  1285 ||  2095
         Reflection        |       |       |       |       |       |       |       |    63 |    24 ||    87

Table legend: (Time is in decaauts)
 A = Elapsed time spent in this place.
 B = Non-inter-level travel time spent in this place.
 C = Inter-level travel time spent in this place.
 D = Time resting spent in this place.
 E = Time spent auto-exploring this place.
 F = Levels seen in this place.
 G = Mean time per level.
                   A        B        C        D        E       F      G
               +--------+--------+--------+--------+--------+-----+--------+
         Total | 117538 | 106314 |  11224 |  51644 |  32270 |  61 | 1926.9 |
       Dungeon |  24733 |  20018 |   4715 |   7631 |   8701 |  15 | 1648.9 |
        Temple |    141 |    113 |     28 |     36 |     38 |   1 |  141.0 |
          Lair |   7822 |   6709 |   1113 |   2585 |   2717 |   5 | 1564.4 |
         Swamp |   5782 |   5364 |    418 |   2282 |   1959 |   4 | 1445.5 |
     Snake Pit |   8525 |   8212 |    313 |   3643 |   2912 |   4 | 2131.2 |
  Orcish Mines |   2458 |   1976 |    482 |    548 |    910 |   2 | 1229.0 |
   Elven Halls |   9485 |   8844 |    641 |   4163 |   2473 |   3 | 3161.7 |
        Vaults |  19323 |  17236 |   2087 |   7228 |   6074 |   5 | 3864.6 |
         Crypt |   7094 |   6963 |    131 |   3845 |   1548 |   3 | 2364.7 |
        Depths |  23204 |  21918 |   1286 |  14791 |   3470 |   4 | 5801.0 |
          Hell |   1387 |   1387 |      0 |    749 |    144 |   1 | 1387.0 |
           Zot |   2814 |   2807 |      7 |   1224 |    772 |   2 | 1407.0 |
         Abyss |     14 |     14 |      0 |      7 |      0 |   1 |   14.0 |
      Ziggurat |   1692 |   1692 |      0 |   1239 |      1 |   9 |  188.0 |
       Ossuary |    392 |    392 |      0 |      0 |    160 |   1 |  392.0 |
      Ice Cave |   2664 |   2664 |      0 |   1667 |    391 |   1 | 2664.0 |
               +--------+--------+--------+--------+--------+-----+--------+

Top non-repeatable levels by time:
Depths:3: 10079 daAuts
Depths:2: 5765 daAuts
Vaults:1: 4994 daAuts
Depths:4: 4932 daAuts
   Elf:3: 4463 daAuts
Vaults:3: 4111 daAuts
Vaults:5: 3841 daAuts
Vaults:4: 3390 daAuts
 Crypt:3: 3176 daAuts
 Snake:4: 2986 daAuts
Vaults:2: 2985 daAuts
    D:14: 2923 daAuts
   Elf:2: 2915 daAuts
     D:9: 2885 daAuts
 Snake:2: 2861 daAuts
